 Dungeon Sprint DCSS version 0.28-a0-533-g9f97627e2a (webtiles) character file.

Game seed: 7613095542928830628

148 Conn the Firebug (level 5, -7/31 HPs)
             Began as an Octopode Fire Elementalist on Sept 26, 2021.
             Was an Initiate of Sif Muna.
             Killed from afar by an oklob sapling wizard (31 damage)
             ... with a splash of acid
             ... in the Dungeon (Sprint IV: "Fedhas' Mad Dash").
             The game lasted 00:03:19 (304 turns).

Conn the Firebug (Octopode Fire Elementalist)        Turns: 304, Time: 00:03:20

Health: -7/31      AC:  1    Str:  7    XL:     5   Next: 30%
Magic:  7/11       EV: 14    Int: 18    God:    Sif Muna [......]
Gold:   45         SH:  0    Dex: 13    Spells: 2/13 levels left

rFire   . . .      SeeInvis .   (no weapon)
rCold   . . .      Faith    .   (no shield)
rNeg    . . .      Spirit   .   (helmet restricted)
rPois   .          Reflect  .   c - amulet of invisibility {+Inv}
rElec   .          Harm     .   (no ring)
rCorr   .          Rampage  .   (no ring)
Will    .....      NoTele   +   (no ring)
Stlth   ++++......              (no ring)
HPRegen 0.10/turn               (no ring)
MPRegen 0.12/turn               (no ring)
                                (no ring)
                                (no ring)

@: no status effects
A: almost no armour, amphibious, 8 rings, camouflage 1, gelatinous body 1,
(nimble swimmer 1), tentacles
a: Renounce Religion, Evoke Invisibility


You were in the Dungeon.
You worshipped Sif Muna.
Sif Muna was noncommittal.
You visited 1 branch You collected 45 gold pieces.

Inventory:

Jewellery
 c - the amulet of invisibility (around mantle) {+Inv}
   (You found it in the Dungeon)

   [amulet of nothing]

   +Inv:      It lets you turn invisible.
Scrolls
 e - a scroll of identify {unknown}
 f - a scroll of blinking
Potions
 a - a potion of curing
 b - a potion of heal wounds
 d - 2 potions of magic


   Skills:
 + Level 4.0 Dodging
 + Level 5.0 Stealth
 + Level 0.8 Unarmed Combat
 + Level 4.5 Spellcasting
 + Level 2.1 Conjurations
 + Level 7.9 Fire Magic
 + Level 1.4 Evocations


You had 2 spell levels left.
You knew the following spells:

 Your Spells              Type           Power      Damage    Failure   Level
a - Foxfire               Conj/Fire      88%        2x1d8     1%          1
b - Conjure Flame         Conj/Fire      22%        6-21      5%          3
c - Inner Flame           Hex/Fire       18%        N/A       9%          3
d - Flame Wave            Conj/Fire      22%        3d6       17%         4

Your spell library contained the following spells:

 Spells                   Type           Power      Damage    Failure   Level
 Scorch                   Fire           64%        2d8       1%          2


Dungeon Overview and Level Annotations

Branches:
Dungeon (1/1)

Altars:
Cheibriados
Dithmenos
Elyvilon
Gozag
Hepliaklqana
Kikubaaqudgha
Makhleb
Nemelex Xobeh
Okawaru
Qazlal
Ru
Sif Muna
Trog
Uskayaw
Vehumet
Wu Jian
Xom
Yredelemnul
Zin
The Shining One
Beogh
Jiyva
Lugonu

Annotations:
D exclusion: oklob sapling


Innate Abilities, Weirdness & Mutations

You cannot wear most types of armour.
You are amphibious.
You can wear up to eight rings at the same time.
Your skin changes colour to match your surroundings (Stealth+).
Your rubbery body absorbs attacks. (AC +1, EV +1)
((You are camouflaged near water. (Stealth+)))
You have tentacles for arms and can constrict up to eight enemies at once.


Message History

Your foxfire dissipates!
There is an opulent altar of Gozag here.
Found a radiant altar of Vehumet and a corrupted altar of Lugonu.
Your foxfire dissipates!
There is a burning altar of Makhleb here.
There is a shimmering blue altar of Sif Muna here.
You curl up in front of the altar of Sif Muna.
Sif Muna welcomes you!
There is a basalt altar of Yredelemnul here.
You flicker back into view.
There is a glowing silver altar of Zin here.
You start resting.
Your magical contamination has completely faded away.
You start resting.
Magic restored.
You open the door.
An oklob sapling wizard comes into view.
Marking area around an oklob sapling as unsafe for travelling.
Found 17 gold pieces and a scroll labelled FEVUETH TOREYQ.
Casting: Foxfire (safe; 1% risk of failure)
Confirm with . or Enter, or press ? or * to list all spells.
The spell is quite dangerous to cast (9% risk of failure)!
Continue anyway?
Okay, then.
Casting: Inner Flame (quite dangerous; 9% risk of failure)
Confirm with . or Enter, or press ? or * to list all spells.
The spell is quite dangerous to cast (9% risk of failure)!
Continue anyway?
Aiming: Inner Flame (quite dangerous; 9% risk of failure)
Press: ? - help, Shift-Dir - straight line, f - oklob sapling wizard
Aim: an oklob sapling wizard (dormant, chance to affect: 74%)
The oklob sapling wizard is filled with an inner flame.
The oklob sapling wizard stares at you and mumbles some strange words.
The magic dart hits you!
Unknown command.
Casting: Inner Flame (quite dangerous; 9% risk of failure)
Confirm with . or Enter, or press ? or * to list all spells.
You conjure some foxfire!
The oklob sapling wizard spits acid at you.
The splash of acid hits you!!
Ouch! That really hurt!
You die...

################## ##
...#.⌠._._._._.⌠.#.$+
)†.'.._._._._._v@'.P#
...#..._._._._.v.#..#
#+##.._._._._._..# ?#
#._._._._._.⌠.# #
###############


You could see an oklob sapling wizard (inner flame, ally target).

Vanquished Creatures
  A scorpion (D)
  2 oklob saplings (D)
  A river rat (D)
  A rat (D)
5 creatures vanquished.

Vanquished Creatures (others)
  18 foxfires (D)
  7 fungi (D)
25 creatures vanquished.

Grand Total: 30 creatures vanquished

Notes
Turn   | Place    | Note
-------+----------+-------------------------------------------
     0 | D        | Conn the Octopode Fire Elementalist began the quest for the
                  | Orb.
     0 | D        | Reached XP level 1. HP: 11/11 MP: 3/3
    47 | D        | Reached skill level 4 in Fire Magic
    47 | D        | Reached XP level 2. HP: 17/17 MP: 0/5
   101 | D        | Noticed an oklob sapling
   104 | D        | Noticed a scorpion
   104 | D        | Found the amulet of invisibility {+Inv}
   112 | D        | Killed a scorpion
   113 | D        | Reached skill level 6 in Fire Magic
   113 | D        | Reached XP level 3. HP: 21/21 MP: 6/8
   113 | D        | Reached XP level 4. HP: 27/27 MP: 6/9
   144 | D        | Reached skill level 7 in Fire Magic
   153 | D        | Learned a level 3 spell: Conjure Flame
   157 | D        | Learned a level 3 spell: Inner Flame
   162 | D        | Learned a level 4 spell: Flame Wave
   164 | D        | Found an opulent altar of Gozag.
   164 | D        | Found a hazy altar of Hepliaklqana.
   164 | D        | Found a burning altar of Makhleb.
   164 | D        | Found a sparkling altar of Nemelex Xobeh.
   164 | D        | Found a snail-covered altar of Cheibriados.
   164 | D        | Found a sacrificial altar of Ru.
   164 | D        | Found a shimmering blue altar of Sif Muna.
   164 | D        | Found a shimmering altar of Xom.
   164 | D        | Found a basalt altar of Yredelemnul.
   165 | D        | Found a viscous altar of Jiyva.
   165 | D        | Found a bloodstained altar of Trog.
   165 | D        | Found an ornate altar of the Wu Jian Council.
   165 | D        | Noticed an oklob sapling priest
   229 | D        | Found a shadowy altar of Dithmenos.
   229 | D        | Found an iron altar of Okawaru.
   229 | D        | Found a glowing silver altar of Zin.
   235 | D        | Found an ancient bone altar of Kikubaaqudgha.
   235 | D        | Found a hide-covered altar of Uskayaw.
   235 | D        | Killed an oklob sapling priest
   236 | D        | Reached skill level 5 in Stealth
   236 | D        | Reached skill level 1 in Evocations
   236 | D        | Reached XP level 5. HP: 31/31 MP: 3/11
   236 | D        | Found a stormy altar of Qazlal.
   236 | D        | Found a white marble altar of Elyvilon.
   236 | D        | Found a glowing golden altar of the Shining One.
   237 | D        | Found a radiant altar of Vehumet.
   237 | D        | Found a corrupted altar of Lugonu.
   239 | D        | Became a worshipper of Sif Muna the Loreminder
   304 | D        | Killed from afar by an oklob sapling wizard

Illustrated notes

Levels and vault maps discovered:
D:        dungeon_sprint_fedhas [sprint_temple]

Skill      XL: |  1  2  3  4 |
---------------+-------------+-----
Stealth        | 3 4 5 |  5.0
Fire Magic     | 4 6 7 |  7.9
Dodging        | 3 4 |  4.0
Spellcasting   | 3 4 |  4.5
Conjurations   | 2 |  2.1
Evocations     | 1 |  1.4
Unarmed Combat | |  0.8

Action                   |  1- 3 |  4- 6 || total
-------------------------+-------+-------++-------
Melee: Unarmed           |    35 |       ||    35
       Constrict         |     9 |       ||     9
       Tentacles         |     6 |       ||     6
 Cast: Foxfire           |     3 |    10 ||    13
       Inner Flame       |       |     2 ||     2
 Abil: Evoke Invisibilit |       |     2 ||     2
  Use: Potion            |     2 |       ||     2
Dodge: Dodged            |     3 |       ||     3

Table legend: (Time is in decaauts)
 A = Elapsed time spent in this place.
 B = Non-inter-level travel time spent in this place.
 C = Inter-level travel time spent in this place.
 D = Time resting spent in this place.
 E = Time spent auto-exploring this place.
 F = Levels seen in this place.
 G = Mean time per level.
                   A        B        C        D        E       F      G
               +--------+--------+--------+--------+--------+-----+--------+
         Total |    294 |    294 |      0 |    150 |      0 |   1 |  294.0 |
       Dungeon |    294 |    294 |      0 |    150 |      0 |   1 |  294.0 |
               +--------+--------+--------+--------+--------+-----+--------+

Top non-repeatable levels by time:
       D: 294 daAuts
